 Dungeon Crawl Stone Soup version 0.31.0-12-g77e489cdc1 (webtiles) character file.

Game seed: 4568625193165705151

2564671 Zantyr the Conqueror (level 27, 243/255 (273) HPs)
             Began as a Hill Orc Fighter on Feb 21, 2024.
             Was the Champion of Ru.
             Escaped with the Orb
             ... and 4 runes on Feb 25, 2024!
             The game lasted 03:40:34 (63016 turns).

Zantyr the Conqueror (Hill Orc Fighter)            Turns: 63016, Time: 03:40:34

HP:   243/255 (273) AC: 43    Str: 38 (40) XL:     27
MP:   30/30         EV: 15    Int: 13      God:    Ru [******]
Gold: 7905          SH: 35    Dex:  5 (8)  Spells: 12/26 levels left

rFire   + . .        F - +6 broad axe "Kest" {flame, rC+ Will++}
rCold   + + .        o - +8 tower shield {rPois}
rNeg    + + +        D - +10 chain mail of the Stars {Rampage rN+++ Int+2 Stlth-}
rPois   +            c - +3 hat of Pondering {ponderous, Will+ MP+10 Int+5}
rElec   +            H - +2 cloak {rCorr}
rCorr   +            G - +4 pair of gloves of the Maze {Regen+ Str+3}
SInv    +            g - +0 pair of boots "Enixyfre" {rN+ Will+ Int+4}
Will    +++++        N - amulet of Wian {Reflect Str+4 Int-4 SH+5} Stlth
                     W - ring of protection from fire
HPRegen 0.00/turn    s - ring "Yrchefusk" {rElec rC+ rCorr EV+5}
MPRegen 0.22/turn

%: random rage (3%), reflection, rampage
@: inhibited regen, studying 2 skills, drained, slow
A: low MP 1, inability to read after injury 2, no stealth, hated by all,
inability to train dodging, no conjurations magic, no ice magic, no alchemy
magic, no forms, claws 1, see invisible, berserk 1, clumsy 1, deterioration 1,
dopey 1, inhibited regeneration, no potion heal 1
0: Orb of Zot
}: 4/15 runes: decaying, serpentine, silver, golden
a: Renounce Religion, Draw Out Power, Power Leap, Apocalypse


You escaped.
You worshipped Ru.
Ru was exalted by your worship.
You visited 11 branches of the dungeon, and saw 51 of its levels.
You also visited: Wizlab.

You collected 9693 gold pieces.
You spent 1788 gold pieces at shops.

Inventory:

Hand Weapons
 t - the +10 war axe "Beetleslayer" {heavy, Will+ Dex+2}
   (You found it on level 2 of the Snake Pit)

   Dex+2:     It affects your dexterity (+2).
   Will+:     It increases your willpower.
 F - the +6 broad axe "Kest" (weapon) {flame, rC+ Will++}
   (You acquired it on level 3 of the Tomb of the Ancients)

   rC+:       It protects you from cold.
   Will++:    It greatly increases your willpower.
Armour
 c - the +3 hat of Pondering (worn) {ponderous, Will+ MP+10 Int+5}
   (You found it on level 3 of the Lair of Beasts)

   Int+5:     It affects your intelligence (+5).
   Will+:     It increases your willpower.
   MP+10:     It affects your magic capacity (+10).
 g - the +0 pair of boots "Enixyfre" (worn) {rN+ Will+ Int+4}
   (You found it in a wizard's laboratory)

   Int+4:     It affects your intelligence (+4).
   rN+:       It protects you from negative energy.
   Will+:     It increases your willpower.
 o - a +8 tower shield of poison resistance (worn)
 A - the +7 chain mail "Tuski" {rElec Will+++ Regen+ Int-5}
   (You found it on level 5 of the Vaults)

   Int-5:     It affects your intelligence (-5).
   rElec:     It insulates you from electricity.
   Will+++:   It greatly increases your willpower.
   Regen+:    It increases your rate of health regeneration.
 B - the +0 pair of gloves of the Indestructible God {rF++ rC- Dex+2}
   (You acquired it on level 3 of the Vaults)

   Dex+2:     It affects your dexterity (+2).
   rF++:      It greatly protects you from fire.
   rC-:       It makes you vulnerable to cold.
 D - the +10 chain mail of the Stars (worn) {Rampage rN+++ Int+2 Stlth-}
   (You found it on level 3 of the Dungeon)

   Int+2:     It affects your intelligence (+2).
   rN+++:     It renders you almost immune to negative energy.
   Rampage:   It bestows one free step when moving towards enemies.
   Stlth-:    It makes you less stealthy.
 G - the +4 pair of gloves of the Maze (worn) {Regen+ Str+3}
   (You found it on level 6 of the Dungeon)

   Str+3:     It affects your strength (+3).
   Regen+:    It increases your rate of health regeneration.
 H - a +2 cloak of preservation (worn)
 J - a +1 pair of boots of rampaging
 S - a +0 helmet
Jewellery
 l - an amulet of regeneration
 m - a ring of the Octopus King {HP+2 AC+2 EV+2 SH+2 SInv}
   (You found it on level 3 of the Tomb of the Ancients)

   [ring of see invisible]

   AC+2:      It affects your AC (+2).
   EV+2:      It affects your evasion (+2).
   HP+2:      It affects your health (+2).
   SInv:      It lets you see invisible.
   SH+2:      It affects your SH (+2).
 p - the ring "Jetarika" {rPois rF+ rC+}
   (You found it on level 3 of the Tomb of the Ancients)

   [ring of protection from fire]

   rF+:       It protects you from fire.
   rC+:       It protects you from cold.
   rPois:     It protects you from poison
 s - the ring "Yrchefusk" (right hand) {rElec rC+ rCorr EV+5}
   (You bought it in a shop on level 5 of the Vaults)

   [ring of evasion]

   EV+5:      It affects your evasion (+5).
   rC+:       It protects you from cold.
   rElec:     It insulates you from electricity.
   rCorr:     It protects you from acid and corrosion.
 v - a ring of willpower
 z - a ring of flight
 E - the ring "Omuraus" {Wiz rElec Dex-3 SInv Stlth-}
   (You found it on level 3 of the Tomb of the Ancients)

   [ring of wizardry]

   Wiz:       It improves your spell success rate.
   Dex-3:     It affects your dexterity (-3).
   rElec:     It insulates you from electricity.
   SInv:      It lets you see invisible.
   Stlth-:    It makes you less stealthy.
 M - an amulet of magic regeneration
 N - the amulet of Wian (around neck) {Reflect Str+4 Int-4 SH+5}
   (You found it on level 2 of the Snake Pit)

   [amulet of reflection]

   Reflect:   It reflects blocked missile attacks.
   Str+4:     It affects your strength (+4).
   Int-4:     It affects your intelligence (-4).
   SH+5:      It affects your SH (+5).
 W - a ring of protection from fire (left hand)
 Z - the ring "Miafop" {Fly SInv Stlth+}
   (You found it in a wizard's laboratory)

   [ring of see invisible]

   SInv:      It lets you see invisible.
   Fly:       It grants you flight.
   Stlth+:    It makes you more stealthy.
Wands
 w - a wand of flame (168)
 C - a wand of light (15)
 L - a wand of polymorph (23)
 V - a wand of digging (5)
 X - a wand of roots (81)
 Y - a wand of mindburst (35)
Scrolls
 j - 4 scrolls of poison
 q - 6 scrolls of torment
 y - 12 scrolls of teleportation
 K - 9 scrolls of fear
 P - 3 scrolls of immolation
 Q - 3 scrolls of silence
 U - 4 scrolls of enchant weapon
Potions
 b - 9 potions of brilliance
 d - a potion of might
 e - 10 potions of cancellation
 h - 10 potions of attraction
 i - 4 potions of enlightenment
 k - 9 potions of curing
 n - 7 potions of berserk rage
 r - 4 potions of magic
 u - 13 potions of mutation
 O - 2 potions of resistance
 R - 13 potions of ambrosia
Miscellaneous
 a - a phial of floods
 x - a figurine of a ziggurat
 I - a lightning rod (4/4)
 T - a condenser vane


   Skills:
 O Level 27 Fighting
 + Level 25.8 Axes
 - Level 8.7 Throwing
 * Level 26.4 Armour
 O Level 27 Shields
 - Level 14.4 Translocations
 * Level 13.3 Air Magic
 + Level 14.8 Evocations


You had 12 spell levels left.
You knew the following spells:

 Your Spells              Type           Power      Damage    Failure   Level
a - Blink                 Tloc           74%        N/A       1%          2
b - Apportation           Tloc           74%        N/A       1%          1
c - Manifold Assault      Tloc           37%        N/A       1%          4
d - Teleport Other        Tloc           37%        N/A       1%          3
e - Airstrike             Air            17%        2d(3-19)  2%          4

Your spell library contained the following spells:

 Spells                   Type           Power      Damage    Failure   Level
 Lesser Beckoning         Tloc           74%        N/A       1%          2
 Gell's Gravitas          Tloc           37%        N/A       1%          3
 Swiftness                Air            34%        N/A       1%          3
 Vhi's Electric Charge    Tloc/Air       72%        N/A       1%          4
 Volatile Blastmotes      Fire/Tloc      36%        2d13      9%          3
 Dispersal                Tloc           18%        N/A       22%         6
 Dimensional Bullseye     Hex/Tloc       9%         N/A       26%         4
 Jinxbite                 Hex            0%         N/A       61%         2
 Sublimation of Blood     Necr           0%         N/A       61%         2
 Silence                  Hex/Air        8%         N/A       67%         5
 Confusing Touch          Hex            0%         N/A       83%         3
 Fugue of the Fallen      Necr           0%         N/A       83%         3
 Inner Flame              Hex/Fire       0%         N/A       83%         3
 Passwall                 Erth           0%         N/A       83%         3
 Sigil of Binding         Hex            0%         N/A       83%         3
 Cause Fear               Hex            0%         N/A       99%         4
 Dispel Undead            Necr           0%         3d6       99%         4
 Plasma Beam              Fire/Air       8%         2x1d19    99%         6
 Borgnjor's Vile Clutch   Necr/Erth      0%         N/A       100%        5
 Curse of Agony           Necr           0%         N/A       100%        5
 Lee's Rapid Deconstruct  Erth           0%         3d4*      100%        5
 Enfeeble                 Hex            0%         N/A       100%        7
 Ignition                 Fire           0%         3d3       100%        8
 Maxwell's Capacitive Co  Air            17%        ∞         100%        8
 Shock                    Conj/Air       Unusable   1d7       N/A         1
 Momentum Strike          Conj/Tloc      Unusable   3d9       N/A         2
 Cigotuvi's Dreadful Rot  Necr/Alch/Air  Unusable   N/A       N/A         2
 Mephitic Cloud           Conj/Alch/Air  Unusable   N/A       N/A         3
 Kiss of Death            Conj/Necr      Unusable   2d5       N/A         1
 Summon Small Mammal      Summ           Unusable   N/A       N/A         1
 Ensorcelled Hibernation  Hex/Ice        Unusable   N/A       N/A         2
 Arcjolt                  Conj/Air       Unusable   1d18      N/A         5
 Call Canine Familiar     Summ           Unusable   N/A       N/A         3
 Dazzling Flash           Conj/Hex       Unusable   N/A       N/A         3
 Frozen Ramparts          Ice            Unusable   1d1       N/A         3
 Ozocubu's Armour         Ice            Unusable   N/A       N/A         3
 Flame Wave               Conj/Fire      Unusable   2d4       N/A         4
 Ignite Poison            Fire/Alch      Unusable   N/A       N/A         4
 Leda's Liquefaction      Alch/Erth      Unusable   N/A       N/A         4
 Martyr's Knell           Necr/Summ      Unusable   N/A       N/A         4
 Petrify                  Alch/Erth      Unusable   N/A       N/A         4
 Sticky Flame             Fire/Alch      Unusable   2d4       N/A         4
 Summon Blazeheart Golem  Fire/Summ      Unusable   N/A       N/A         4
 Alistair's Intoxication  Alch           Unusable   N/A       N/A         5
 Fireball                 Conj/Fire      Unusable   3d3       N/A         5
 Irradiate                Conj/Alch      Unusable   3d11      N/A         5
 Yara's Violent Unravell  Hex/Alch       Unusable   3d3       N/A         5
 Bombard                  Conj/Erth      Unusable   9d1       N/A         6
 Death Channel            Necr           Unusable   N/A       N/A         6
 Sculpt Simulacrum        Ice/Alch       Unusable   N/A       N/A         6
 Starburst                Conj/Fire      Unusable   6d3       N/A         6
 Dragon's Call            Summ           Unusable   N/A       N/A         9

Dungeon Overview and Level Annotations

Branches:
Dungeon (15/15)            Temple (0/1) D:6            Lair (5/5) D:10
  Swamp (4/4) Lair:2        Snake (4/4) Lair:3        Slime (0/5) Lair:4
    Orc (2/2) D:10            Elf (1/3) Orc:2        Vaults (5/5) D:13
  Crypt (3/3) Vaults:3       Tomb (3/3) Crypt:3      Depths (4/4) D:15
    Zot (5/5) Depths:4     WizLab (visited)

Altars:
Ashenzari
Dithmenos
Elyvilon
Kikubaaqudgha
Nemelex Xobeh
Okawaru
Qazlal
Ru
Sif Muna
Trog
Uskayaw
Vehumet
Xom
Zin
The Shining One
Lugonu

Shops:
D:9 [   D:14 :   Orc:2 [[*(   Vaults:4 :[   Vaults:5 *=

Portals:
Hell: Depths:1 Depths:2 Depths:3 Depths:4
Abyss: Lair:5 Depths:1 Depths:2 Depths:3
Pandemonium: Depths:1 Depths:2 Depths:3
Ziggurat: Depths:4

Annotations:
Zot:5 2 transporters, Pongem's ghost, legendary MiAK


Innate Abilities, Weirdness & Mutations

Your magical capacity is low. (-10% MP)
You sometimes lose the ability to read scrolls when taking damage.
You cannot be stealthy.
You are hated by all.
You cannot train Dodging skill.
You cannot study or cast Conjurations magic.
You cannot study or cast Ice magic.
You cannot study or cast Alchemy magic.
You cannot voluntarily change form.
You have sharp fingernails.
You have supernaturally acute eyesight. (SInv)
You sometimes lose your temper in combat.
You are clumsy. (Dex -2)
Your body sometimes deteriorates upon taking damage.
You are dopey. (Int -2)
You do not regenerate when monsters are visible.
Potions are less effective at restoring your health.


Message History

There is a stone staircase leading down here.
You see here a +0 halberd.
You see here a +0 short sword.
You see here a +0 club.
You see here +0 steam dragon scales.
Items here: ))) [.
You see here a +0 halberd.
There is a stone staircase leading up here.
You climb upwards.
There is a stone staircase leading down here.
Things that are here:
a +0 club; a +0 robe; a +0 club
There is a stone staircase leading up, spattered with blood here.
You see here a +0 whip.
You climb upwards.
There is a stone staircase leading down here.
There is a stone staircase leading up here.
You climb upwards.
There is a stone staircase leading down here.
A balrug and 2 sun demons come into view.
The sun demon shouts!
The sun demon moves out of view.
There is a stone staircase leading up, spattered with blood here.
You climb upwards.
There is a stone staircase leading down here.
What level of the Dungeon? (default 1, ? - help)
There is a stone staircase leading up here.
You climb upwards.
There is a stone staircase leading down here.
There is a stone staircase leading up here.
You climb upwards.
There is a stone staircase leading down here.
An efreet comes into view.
It is wielding a +0 scimitar of flaming.
The efreet gestures at you.
The fireball explodes!
The fireball engulfs you! You resist.
There is a staircase leading out of the dungeon here.
Okay, then.
The efreet gestures at you.
The fireball explodes!
The fireball engulfs you. You resist.
You have escaped!

.##### #####.......#
##.# ##
###.##.......## ##..#
# #...##..###### #..##
# #.####..###### ##.##
# ###.####.......##
#..#
######.....###.......#
#.## ..#....##.##
######..# #.#
#.........## ###..#..#
#.#
#..........###..@....#
#.#
...######..##.......##
#.# .### #.###..#).###
#.# ## ###..##R.######
###.# #
#....##.......###...#
#
##....###.......##..##
# #.....#
######..##..# #
##.....# ######..##..#
#
#......###.......##..#


You could see an efreet.

Vanquished Creatures
  5 dread liches
  8 ancient liches
  Mara (Vaults:2)
  2 orbs of fire (Zot:5)
  2 juggernauts (Depths:2)
  Boris (4 times) (Vaults:3 Depths:1 Depths:2 Depths:4)
  29 royal mummies
  Xtahua (Vaults:3)
  Vv (Depths:4)
  7 Killer Klowns
  Bai Suzhen (Vaults:3)
  Saint Roka (Orc:2)
  Vashnia (Snake:4)
  4 curse toes
  Nikola (Swamp:4)
  the Enchantress (Depths:4)
  10 golden dragons
  A pandemonium lord (D:11)
  3 bone dragons
  A Tzitzimitl (Zot:2)
  A Brimstone Fiend (Depths:3)
  A shard shrike zombie (Crypt:3)
  The ghost of popper the Ninja, a veteran SpHu of Elyvilon (Depths:2)
  4 electric golems
  16 tentacled monstrosities
  Zenata (Crypt:2)
  A moon troll (WizLab)
  Mlioglotl (Swamp:3)
  24 Orb Guardians
  8 quicksilver dragons
  The ghost of Dwachs the Crack Shot, an adept BaHu of Elyvilon (Swamp:1)
  3 titans (Vaults:5)
  3 liches
  10 sphinxes
  13 shadow dragons
  8 tentacled starspawn (WizLab)
  17 ancient champions
  7 death cobs
  2 thorn hunters
  10 tengu reavers
  Donald (Snake:3)
  14 nagarajas
  17 storm dragons
  2 protean progenitors (Zot:1)
  10 draconian monks
  8 fire giants
  6 revenants
  6 draconian scorchers
  8 draconian knights
  Louise (D:15)
  An iron dragon (Depths:3)
  A deep elf sorcerer (Elf:1)
  9 frost giants
  15 vault wardens
  3 ghost moths
  4 draconian shifters
  3 curse skulls
  2 caustic shrike zombies
  2 orc warlords (Vaults:1)
  2 cacodemons
  8 draconian stormcallers
  7 spriggan defenders
  6 formless jellyfish
  8 draconian annihilators
  20 stone giants
  23 ironbound preservers
  A ghoul (Crypt:3)
  6 ironbound thunderhulks
  22 very ugly things
  10 green draconians
  7 white draconians
  2 deep elf death magi
  12 vampire knights
  14 red draconians
  4 bennus
  2 deep elf demonologists
  11 black draconians
  A spark wasp (Depths:2)
  6 bunyips
  4 eleionomae
  16 yellow draconians
  14 purple draconians
  3 eidola
  7 dire elephants
  A quicksilver dragon zombie (Vaults:3)
  A crystal guardian (Vaults:1)
  7 fire dragons
  11 ettins
  A blizzard demon (Zot:5)
  34 mummy priests
  A green death (D:11)
  21 jiangshi
  A shambling mangrove (Swamp:3)
  2 spectral spriggans (Crypt:1)
  33 vault guards
  4 entropy weavers
  Harold (Lair:1)
  A deep elf high priest (Vaults:5)
  14 hydras
  16 yaktaur captains
  3 rakshasas
  A spectral shadow dragon (Crypt:1)
  10 great orbs of eyes
  3 peacekeepers
  8 salamander tyrants
  13 ironbound frosthearts
  3 spriggan air magi
  A fenstrider witch skeleton (Crypt:1)
  3 ogre magi
  12 anacondas
  Erica (D:11)
  8 ice dragons
  11 centaur warriors
  3 spriggan zombies
  A spectral draconian (Crypt:1)
  3 spriggan skeletons
  2 catoblepae (Lair:2)
  3 ghost crabs
  5 death knights
  2 dancing weapons (Elf:1)
  16 naga warriors
  2 boulder beetles
  11 two-headed ogres
  4 deep troll shamans
  8 death yaks
  3 tengu warriors
  5 deep troll earth magi
  4 hell hogs
  57 death scarabs
  18 naga sharpshooters
  An occultist (Depths:1)
  4 titan zombies
  2 spectral dire elephants (Crypt:1)
  8 vampire magi
  3 orc high priests (Orc:2)
  10 shock serpents
  4 thrashing horrors (Lair:5)
  15 hell knights
  7 spriggan berserkers
  A storm dragon zombie (Crypt:3)
  A skyshark (Lair:4)
  A spectral naga (Crypt:1)
  A sun demon (Depths:1)
  6 deep elf knights
  Sonja (D:11)
  A titan skeleton (Crypt:1)
  A wretched star (WizLab)
  9 iron trolls
  24 skeletal warriors
  6 salamander mystics
  Amaemon (Lair:2)
  A sixfirhy (D:11)
  A spectral anaconda (Crypt:1)
  3 shadow wraiths (Crypt:3)
  3 spriggan druids
  A deep troll (shapeshifter) (Depths:2)
  A death drake (Swamp:4)
  A storm dragon skeleton (Vaults:3)
  Lodul (D:10)
  A glowing orange brain (shapeshifter) (Vaults:5)
  A goliath frog (Swamp:1)
  13 naga ritualists
  8 swamp dragons
  An orange crystal statue (WizLab)
  8 flayed ghosts
  49 deep trolls
  9 mana vipers
  6 deep elf archers (Elf:1)
  5 lindwurms
  5 arcanists
  2 spectral hydras
  5 bog bodies
  An obsidian statue (Crypt:1)
  20 ironbound convokers
  A spriggan simulacrum (Crypt:1)
  Pikel (D:7)
  8 glowing orange brains
  13 phantasmal warriors
  12 necromancers
  11 orc knights
  A shadow dragon zombie (Vaults:4)
  A golden dragon skeleton (Tomb:3)
  2 anaconda skeletons (Crypt:1)
  An iron dragon zombie (Crypt:1)
  8 deep elf zephyrmancers (Elf:1)
  A harpy (Vaults:4)
  52 ugly things
  9 deep elf pyromancers
  3 spectral ettins (Crypt:1)
  5 orc sorcerers
  2 wolf spiders
  2 manticores
  3 will-o-the-wisps
  7 kobold blastminers
  19 elephants
  10 salamanders
  7 cyclopes
  Joseph (D:7)
  20 moths of wrath
  47 black mambas
  A stone giant skeleton (Vaults:4)
  6 eyes of devastation (WizLab)
  A naga zombie (Tomb:2)
  7 guardian serpents
  2 smoke demons (Lair:5)
  3 water nymphs (Zot:1)
  33 vault sentinels
  25 naga magi
  3 large abominations (Elf:1)
  A gargoyle (D:12)
  A titan simulacrum (Vaults:4)
  3 torpor snails
  A cane toad (shapeshifter) (D:14)
  A centaur skeleton (Crypt:1)
  Maggie (D:7)
  An orange demon (Lair:2)
  An alligator snapping turtle zombie (Crypt:3)
  An elephant slug zombie (Crypt:2)
  A dire elephant skeleton (Tomb:1)
  An unseen horror (D:12)
  12 cane toads
  2 alligator snapping turtle skeletons
  3 rime drakes
  14 freezing wraiths
  2 tengu conjurers
  An efreet (D:13)
  A steelbarb worm zombie (Crypt:3)
  9 komodo dragons
  41 yaktaurs
  A sea snake skeleton (Crypt:2)
  58 guardian mummies
  3 spectral harpies (Crypt:1)
  3 bloated husks (Swamp:3)
  A queen bee (D:10)
  3 harpy zombies
  A troll (shapeshifter) (D:13)
  7 trolls
  An iron troll skeleton (Crypt:1)
  20 hornets
  5 tyrant leeches
  A polar bear (Lair:2)
  2 harpy skeletons (Crypt:3)
  A raiju (Lair:5)
  7 dream sheep (Lair:4)
  19 blink frogs (Lair:5)
  A culicivora zombie (Crypt:3)
  2 hydra skeletons
  A glass eye (shapeshifter) (Vaults:5)
  An ettin zombie (Tomb:1)
  2 glass eyes
  An ettin skeleton (Vaults:3)
  A spectral black mamba (Crypt:1)
  A death drake skeleton (Crypt:2)
  30 spriggans
  A shadow (D:13)
  2 centaur simulacra
  A culicivora (Vaults:2)
  18 slime creatures
  7 wraiths
  25 yaks
  2 ynoxinuls (Lair:5)
  A fire bat (shapeshifter) (D:14)
  2 vampires
  7 wyverns
  21 ushabtiu
  A water elemental (Elf:1)
  A fire bat (Depths:1)
  8 golden eyes
  A golden eye (shapeshifter) (Lair:5)
  3 wargs
  6 basilisks
  A steam dragon (Lair:3)
  A demonspawn zombie (Crypt:2)
  8 vampire mosquitoes
  A chaos spawn (Lair:5)
  2 neqoxecs
  A redback (shapeshifter) (Vaults:5)
  A catoblepas simulacrum (Tomb:2)
  8 redbacks
  13 swamp worms
  43 nagas
  2 acid dragons
  7 small abominations (Lair:5)
  A spectral yak (Lair:2)
  8 water moccasins
  2 two-headed ogre skeletons
  9 swamp drakes
  A merfolk skeleton (Crypt:3)
  2 spectral polar bears (Lair:2)
  17 orc warriors
  3 black bears
  2 dream sheep zombies
  2 ice beasts (D:7)
  24 laughing skulls
  A snapping turtle zombie (Crypt:3)
  2 boggarts (Vaults:2)
  8 starcursed masses (WizLab)
  11 wolves
  21 ogres
  A spectral rime drake (Lair:2)
  A tengu (shapeshifter) (D:15)
  A phantom (D:6)
  19 centaurs
  A fire crab zombie (Crypt:1)
  4 lemures (D:7)
  A hog skeleton (Crypt:1)
  6 kobold brigands
  3 elf zombies (Elf:1)
  11 bullfrogs
  5 scorpions
  A cyclops zombie (Crypt:2)
  5 gnoll sergeants
  A warg skeleton (Crypt:2)
  3 wights (D:6)
  A hornet simulacrum (D:15)
  A water moccasin skeleton (Crypt:3)
  35 killer bees
  A troll zombie (Crypt:1)
  8 howler monkeys
  4 electric eels
  2 bombardier beetles
  2 jellies
  10 orc priests
  A jelly (shapeshifter) (Elf:1)
  A gnoll bouda (D:6)
  6 hounds
  A human skeleton (Crypt:1)
  A sleepcap (D:6)
  Ijyb (D:3)
  2 human zombies (Crypt:1)
  3 iguanas
  20 orc wizards
  An acid dragon skeleton (Crypt:1)
  An ogre skeleton (Crypt:1)
  3 naga skeletons
  57 mummies
  A howler monkey zombie (Crypt:1)
  21 gnolls
  9 adders
  A shadow imp (D:11)
  A white imp (D:8)
  4 ufetubi
  An adder zombie (Crypt:3)
  A lava snake skeleton (Crypt:3)
  A dart slug (D:2)
  37 orcs
  8 endoplasms
  A giant cockroach (D:3)
  4 goblins
  3 hobgoblins
  7 quokkas
  5 ball pythons
  6 bats
  2 frilled lizards (D:2)
  18 kobolds
  7 rats
  6 starspawn tentacles (WizLab)
2448 creatures vanquished.

Vanquished Creatures (others)
  An ancient lich (Zot:5)
  A royal mummy (Tomb:2)
  the Lernaean hydra (Swamp:4)
  2 Orb Guardians (Zot:5)
  A sphinx (Vaults:5)
  A quicksilver dragon (Zot:4)
  An ancient champion (Crypt:3)
  A storm dragon (Zot:2)
  2 fire giants
  A vault warden (Vaults:5)
  2 frost giants
  A nagaraja (Snake:4)
  A deep elf sorcerer (Depths:3)
  2 draconian shifters
  A draconian scorcher (Zot:2)
  2 spriggan defenders
  3 ironbound preservers
  A stone giant (Depths:3)
  An eleionoma (Swamp:4)
  A yellow draconian (Zot:2)
  A white draconian (Zot:4)
  2 purple draconians (Zot:4)
  A deep elf annihilator (Vaults:5)
  2 ettins
  A mummy priest (Tomb:2)
  2 jiangshi (Crypt:2)
  2 vault guards (Vaults:5)
  A yaktaur captain (Vaults:5)
  A spriggan skeleton (Tomb:3)
  3 hydras
  2 alligators (Swamp:3)
  An anaconda (Snake:2)
  A deep troll shaman (Depths:4)
  5 death scarabs
  2 occultists (Depths:3)
  A spriggan (Depths:3)
  A hell knight (Depths:2)
  An emperor scorpion zombie (Crypt:1)
  A skeletal warrior (Crypt:2)
  4 deep trolls
  An iron troll (Depths:4)
  A mana viper (Snake:3)
  A spriggan druid (Depths:3)
  A swamp dragon (Swamp:4)
  3 deep elf archers (Elf:1)
  A phantasmal warrior (Vaults:5)
  A deep elf pyromancer (Elf:1)
  A deep elf zephyrmancer (Elf:1)
  2 lindwurms (Swamp:4)
  An ugly thing (Depths:2)
  A moth of wrath (Zot:4)
  A naga mage (Snake:2)
  A torpor snail (Lair:2)
  2 yaktaurs
  A guardian mummy (Tomb:3)
  A troll (D:13)
  3 bloated husks
  2 hornets
  A fire bat (Depths:1)
  A redback (Vaults:3)
  2 vampire mosquitoes
  A naga (Snake:4)
  2 boggarts (Vaults:2)
  A wolf (Lair:3)
  2 killer bees (D:7)
  An orc wizard (D:9)
  A mummy (Tomb:1)
  A gnoll (D:7)
  An orc (Orc:1)
  10 foxfires
  11 starspawn tentacles (WizLab)
122 creatures vanquished.

Grand Total: 2570 creatures vanquished

Notes
Turn   | Place    | Note
-------+----------+-------------------------------------------
     0 | D:1      | Zantyr the Hill Orc Fighter began the quest for the Orb.
     0 | D:1      | Reached XP level 1. HP: 19/19 MP: 1/1
   133 | D:1      | Reached XP level 2. HP: 27/27 MP: 2/2
   243 | D:1      | Found a faded altar of an unknown god.
   662 | D:1      | Prayed at the altar of an unknown god.
   662 | D:1      | Became a worshipper of Ru the Awakened
   758 | D:2      | Reached XP level 3. HP: 33/33 MP: 3/3
  1025 | D:2      | Reached skill level 5 in Axes
  1078 | D:2      | Reached XP level 4. HP: 31/40 MP: 4/4
  1489 | D:3      | Gained mutation: You cannot study or cast Ice magic. [Ru
                  | sacrifice]
  1489 | D:3      | Gained mutation: You cannot study or cast Alchemy magic.
                  | [Ru sacrifice]
  1489 | D:3      | Gained mutation: You cannot study or cast Conjurations
                  | magic. [Ru sacrifice]
  1489 | D:3      | Reached * piety under Ru
  1523 | D:3      | Identified the +11 chain mail of Fanaticism {Int+7}
  1614 | D:3      | Found a stormy altar of Qazlal.
  1708 | D:3      | Identified the +10 chain mail of the Stars {Rampage rN+++
                  | Int+2 Stlth-}
  1761 | D:3      | Reached XP level 5. HP: 46/46 MP: 5/5
  2039 | D:3      | Noticed Ijyb
  2055 | D:3      | Killed Ijyb
  2479 | D:4      | Found a shimmering altar of Xom.
  2491 | D:4      | Found a hazy altar of Hepliaklqana.
  2519 | D:4      | Found a hide-covered altar of Uskayaw.
  2742 | D:4      | Reached XP level 6. HP: 49/52 MP: 6/6
  2789 | D:4      | Identified the +5 dagger "Caenon" {vamp, rElec Str+2}
  2994 | D:4      | Found a sparkling altar of Nemelex Xobeh.
  3316 | D:5      | Entered Level 5 of the Dungeon
  3327 | D:5      | Reached XP level 7. HP: 54/59 MP: 7/7
  3466 | D:5      | Gained mutation: You cannot be stealthy. [Ru sacrifice]
  3902 | D:5      | Found an iron altar of Okawaru.
  4066 | D:6      | Found a shimmering blue altar of Sif Muna.
  4291 | D:6      | Reached skill level 5 in Fighting
  4396 | D:6      | Reached XP level 8. HP: 47/68 MP: 8/8
  4402 | D:6      | Reached skill level 10 in Axes
  4402 | D:6      | Reached skill level 5 in Armour
  4636 | D:6      | Found a staircase to the Ecumenical Temple.
  4849 | D:6      | Identified the +4 pair of gloves of the Maze {Regen+ Str+3}
  5352 | D:7      | Reached XP level 9. HP: 74/79 MP: 9/9
  5389 | D:7      | Found a glowing silver altar of Zin.
  5411 | D:7      | Noticed Maggie
  5452 | D:7      | Killed Maggie
  5509 | D:7      | Noticed Joseph
  5523 | D:7      | Killed Joseph
  5558 | D:7      | Found a broken altar of Ashenzari.
  5558 | D:7      | Noticed Pikel
  5703 | D:7      | Found a basalt altar of Yredelemnul.
  5832 | D:7      | Found a glowing golden altar of the Shining One.
  5877 | D:7      | Killed Pikel
  5878 | D:7      | Reached XP level 10. HP: 91/91 MP: 10/10
  5886 | D:7      | Gained mutation: You are hated by all. [Ru sacrifice]
  5886 | D:7      | Reached ** piety under Ru
  5886 | D:7      | Reached *** piety under Ru
  6065 | D:8      | Identified the orb of Absence {mayhem, ^Drain rPois rCorr
                  | Str+3}
  6123 | D:8      | You fall into a shaft and drop 3 floors!
  6159 | D:11     | Noticed Erica
  6176 | D:10     | Entered Level 10 of the Dungeon
  6221 | D:10     | Noticed Lodul
  6292 | D:10     | Reached skill level 5 in Shields
  6350 | D:10     | Noticed a two-headed ogre
  6351 | D:10     | Found a shadowy altar of Dithmenos.
  6356 | D:10     | Killed a two-headed ogre
  6357 | D:10     | Reached skill level 10 in Fighting
  6469 | D:9      | Found a bloodstained altar of Trog.
  6573 | D:9      | Noticed a two-headed ogre
  6584 | D:9      | Killed a two-headed ogre
  6753 | D:9      | Reached XP level 11. HP: 101/101 MP: 11/11
  6781 | D:9      | Found Oxavula's Antique Armour Shop.
  7837 | D:11     | Noticed a two-headed ogre
  7845 | D:11     | Killed a two-headed ogre
  7846 | D:11     | Reached skill level 10 in Armour
  7847 | D:11     | Noticed a two-headed ogre
  7857 | D:11     | Killed a two-headed ogre
  7876 | D:11     | Gained mutation: You cannot train Dodging skill. [Ru
                  | sacrifice]
  7876 | D:11     | Reached **** piety under Ru
  7877 | D:11     | Noticed a cyclops
  7879 | D:11     | Noticed Sonja
  7885 | D:11     | Killed a cyclops
  7888 | D:11     | Killed Sonja
  8266 | D:11     | Killed Erica
  8401 | D:11     | Noticed a two-headed ogre
  8409 | D:11     | Killed a two-headed ogre
  8593 | D:9      | Bought a cloak for 117 gold pieces
  8654 | D:10     | Found a staircase to the Lair.
  8678 | D:10     | Killed Lodul
  8679 | D:10     | Reached skill level 1 in Throwing
  8931 | D:10     | Reached XP level 12. HP: 112/112 MP: 12/12
  8939 | D:10     | Found a staircase to the Orcish Mines.
  8950 | D:10     | Reached skill level 15 in Axes
  9322 | Orc:1    | Entered Level 1 of the Orcish Mines
  9857 | Orc:2    | Entered Level 2 of the Orcish Mines
  9878 | Orc:2    | Gained mutation: Your magical capacity is low. (-10% MP)
                  | [Ru sacrifice]
  9878 | Orc:2    | Reached ***** piety under Ru
 10052 | Orc:2    | Found a staircase to the Elven Halls.
 10268 | Orc:2    | Noticed an orc high priest
 10269 | Orc:2    | Noticed an orc high priest
 10269 | Orc:2    | Noticed an orc high priest
 10271 | Orc:2    | Noticed a sun demon
 10272 | Orc:2    | Noticed Saint Roka
 10292 | Orc:2    | Noticed a sun demon
 10577 | Orc:2    | Killed an orc high priest
 10795 | Orc:2    | Killed an orc high priest
 10822 | Orc:2    | Paralysed by an orc sorcerer for 5 turns
 10925 | Orc:2    | Reached XP level 13. HP: 113/122 MP: 11/11
 11120 | Lair:1   | Entered Level 1 of the Lair of Beasts
 11523 | Lair:1   | Noticed Harold
 11531 | Lair:1   | Killed Harold
 11532 | Lair:1   | Reached skill level 10 in Shields
 11901 | Lair:2   | Reached skill level 5 in Throwing
 12031 | Lair:2   | Found a staircase to the Swamp.
 12468 | Lair:2   | Noticed Amaemon
 12483 | Lair:2   | Killed Amaemon
 13243 | Lair:3   | Reached XP level 14. HP: 133/133 MP: 12/12
 13361 | Lair:3   | Identified a scroll of acquirement
 13363 | Lair:3   | Acquired a manual of Shields
 13429 | Lair:3   | Found the +3 hat of Pondering {ponderous, Will+ MP+10
                  | Int+5}
 13806 | Lair:3   | Found a staircase to the Snake Pit.
 14224 | Lair:4   | Found a staircase to the Slime Pits.
 14573 | Lair:4   | Reached skill level 15 in Fighting
 14674 | Lair:5   | Entered Level 5 of the Lair of Beasts
 15168 | Lair:5   | Reached XP level 15. HP: 143/143 MP: 13/13
 15309 | Lair:5   | Found a corrupted altar of Lugonu.
 15309 | Lair:5   | Found a one-way gate to the infinite horrors of the Abyss.
 15620 | Lair:5   | Identified the +8 short sword of the Endless March {freeze,
                  | Str+3 Int+4 SInv}
 15841 | Lair:5   | Reached XP level 16. HP: 151/151 MP: 14/14
 16344 | D:12     | Reached skill level 15 in Shields
 17205 | D:13     | Found a gate to the Vaults.
 17441 | D:14     | Reached skill level 15 in Armour
 17994 | D:14     | Found Ywon's Book Shoppe.
 18052 | D:14     | Found a sacrificial altar of Ru.
 18585 | Orc:2    | Found Ymuxuhue's Antique Weapon Shop.
 18618 | Orc:2    | Found Herolot's Armour Shoppe.
 18620 | Orc:2    | Found Pimuff's Armour Shoppe.
 18622 | Orc:2    | Found Muyl's Assorted Antiques.
 18627 | Orc:2    | Gained mutation: You occasionally lose the ability to read
                  | scrolls when taking damage. [Ru sacrifice]
 18627 | Orc:2    | Gained mutation: You sometimes lose the ability to read
                  | scrolls when taking damage. [Ru sacrifice]
 18798 | Orc:2    | Killed Saint Roka
 18928 | Elf:1    | Entered Level 1 of the Elven Halls
 18962 | Orc:2    | Reached XP level 17. HP: 57/160 MP: 15/15
 19544 | Elf:1    | Found a radiant altar of Vehumet.
 20026 | Snake:1  | Entered Level 1 of the Snake Pit
 21922 | Snake:2  | Gained mutation: You cannot voluntarily change form. [Ru
                  | sacrifice]
 21922 | Snake:2  | Reached ****** piety under Ru
 22084 | Snake:2  | Reached skill level 5 in Translocations
 22099 | Snake:2  | Found a transporter.
 22102 | Snake:2  | Found a shimmering blue altar of Sif Muna.
 22302 | Snake:2  | Learned a level 2 spell: Blink
 22380 | Snake:2  | Identified the +10 war axe "Beetleslayer" {heavy, Will+
                  | Dex+2}
 22405 | Snake:2  | You fall into a shaft and drop 1 floor!
 22855 | Snake:2  | Reached XP level 18. HP: 172/172 MP: 16/16
 23293 | Snake:2  | Reached skill level 1 in Evocations
 23358 | Snake:2  | Identified the amulet of Wian {Reflect Str+4 Int-4 SH+5}
 23384 | Snake:2  | Found a transporter.
 23504 | Snake:3  | Noticed Donald
 23511 | Snake:3  | Killed Donald
 24131 | Snake:4  | Entered Level 4 of the Snake Pit
 24198 | Snake:4  | Noticed Vashnia
 24234 | Snake:4  | Killed Vashnia
 24683 | Snake:4  | Reached XP level 19. HP: 152/182 MP: 17/17
 25289 | Snake:4  | Got a serpentine rune of Zot
 26016 | Vaults:1 | Entered Level 1 of the Vaults
 27014 | Vaults:2 | Noticed Mara
 27027 | Vaults:2 | Killed Mara
 27124 | Vaults:2 | Reached skill level 5 in Evocations
 27292 | Vaults:2 | Got the Spellbook of Rime and the Rocks
 27377 | Vaults:2 | Reached XP level 20. HP: 193/193 MP: 18/18
 28254 | Vaults:3 | Found a staircase to the Crypt.
 28262 | Vaults:3 | Noticed Bai Suzhen
 28268 | Vaults:3 | Killed Bai Suzhen
 28337 | Vaults:3 | Noticed Boris
 28345 | Vaults:3 | Killed Boris
 28360 | Vaults:3 | Acquired the +0 pair of gloves of the Indestructible God
                  | {rF++ rC- Dex+2}
 28620 | Vaults:3 | Noticed Xtahua
 28628 | Vaults:3 | Paralysed by Xtahua for 5 turns
 28635 | Vaults:3 | Killed Xtahua
 29457 | Vaults:4 | Found Cojuut's Book Boutique.
 29465 | Vaults:4 | Reached XP level 21. HP: 202/202 MP: 18/18
 29622 | Vaults:4 | Reached skill level 10 in Translocations
 30202 | Vaults:4 | Found Ukhlewa's Armour Shoppe.
 30207 | Vaults:4 | Bought a +2 cloak for 247 gold pieces
 31119 | Vaults:5 | Entered Level 5 of the Vaults
 31130 | Vaults:5 | Noticed an ancient lich
 31238 | Vaults:5 | Identified the +1 falchion of the Vestibule of Hell
                  | {freeze, *Rage rC++ Int+4 Stlth+}
 31536 | Vaults:5 | Noticed a dread lich
 31547 | Vaults:5 | Killed a dread lich
 31548 | Vaults:5 | Reached XP level 22. HP: 177/213 MP: 19/19
 31631 | Vaults:5 | Killed an ancient lich
 31738 | Vaults:5 | Got a silver rune of Zot
 31802 | Vaults:5 | Found Raextiymio's Jewellery Shop.
 31817 | Vaults:5 | Noticed an ancient lich
 31827 | Vaults:5 | Killed an ancient lich
 31910 | Vaults:5 | Noticed an ancient lich
 31918 | Vaults:5 | Killed an ancient lich
 31973 | Vaults:5 | Identified the +7 chain mail "Tuski" {rElec Will+++ Regen+
                  | Int-5}
 32029 | Vaults:5 | Found Ruxtaber's Assorted Antiques.
 32029 | Vaults:5 | Noticed a dread lich
 32033 | Vaults:5 | Killed a dread lich
 32285 | Vaults:5 | Identified the +9 quarterstaff "Awiu" {pain, Dex+4}
 32298 | Vaults:5 | Bought the ring "Yrchefusk" {rElec rC+ rCorr EV+5} for 1064
                  | gold pieces
 32534 | Vaults:5 | Bought a glowing cloak for 360 gold pieces
 32637 | Vaults:5 | Noticed an ancient lich
 32645 | Vaults:5 | Killed an ancient lich
 32981 | Vaults:5 | Learned a level 1 spell: Apportation
 32986 | Vaults:5 | Learned a level 4 spell: Manifold Assault
 32990 | Vaults:5 | Learned a level 3 spell: Teleport Other
 33166 | D:15     | Entered Level 15 of the Dungeon
 33264 | D:15     | Noticed Louise
 33275 | D:15     | Killed Louise
 34400 | D:15     | Found a staircase to the Depths.
 34816 | Depths:1 | Entered Level 1 of the Depths
 34940 | Depths:1 | Noticed Boris
 34941 | Depths:1 | Found a one-way gate leading to the halls of Pandemonium.
 34947 | Depths:1 | Killed Boris
 34948 | Depths:1 | Reached skill level 1 in Air Magic
 34948 | Depths:1 | Reached XP level 23. HP: 198/224 MP: 20/20
 35157 | Depths:1 | Found a gateway to Hell.
 35284 | Depths:1 | Found a bloodstained altar of Trog.
 35345 | Depths:1 | Found a corrupted altar of Lugonu.
 35796 | Depths:2 | You fall into a shaft and drop 1 floor!
 36699 | Depths:3 | Found a white marble altar of Elyvilon.
 36699 | Depths:3 | Found a glowing silver altar of Zin.
 36700 | Depths:3 | Found a glowing golden altar of the Shining One.
 36937 | Depths:2 | Found a transporter.
 36937 | Depths:2 | Noticed popper's ghost (veteran SpHu)
 36967 | Depths:2 | Noticed Boris
 36977 | Depths:2 | Killed Boris
 36995 | Depths:2 | Found a transporter.
 37029 | Depths:2 | Identified the +2 great mace of Responsibility {flame,
                  | Stlth+}
 37201 | Depths:2 | Noticed a juggernaut
 37210 | Depths:2 | Killed a juggernaut
 37238 | Depths:2 | Noticed a juggernaut
 37252 | Depths:2 | Killed a juggernaut
 37370 | Depths:2 | Identified the +2 leather armour "Sevver" {rN++ Str-3}
 37868 | Depths:2 | Reached XP level 24. HP: 164/235 MP: 20/20
 37870 | Depths:2 | Killed popper's ghost
 38189 | Swamp:1  | Entered Level 1 of the Swamp
 38278 | Swamp:1  | Found a transporter.
 38282 | Swamp:1  | Found a transporter.
 38283 | Swamp:1  | Found a bloodstained altar of Trog.
 38295 | Swamp:1  | Found an ancient bone altar of Kikubaaqudgha.
 38423 | Swamp:1  | Noticed Dwachs's ghost (adept BaHu)
 38815 | Swamp:1  | Killed Dwachs's ghost
 38909 | Swamp:1  | Reached skill level 10 in Evocations
 38909 | Swamp:1  | Reached XP level 25. HP: 237/237 MP: 20/20
 38991 | Swamp:2  | Reached skill level 5 in Air Magic
 39553 | Swamp:3  | Identified the +1 scimitar "Keroemou" {protect, rCorr}
 39633 | Swamp:3  | Noticed Mlioglotl
 39643 | Swamp:3  | Killed Mlioglotl
 39930 | Swamp:4  | Entered Level 4 of the Swamp
 40079 | Swamp:4  | Noticed Nikola
 40105 | Swamp:4  | Killed Nikola
 40135 | Swamp:4  | Noticed the 27-headed Lernaean hydra
 40139 | Swamp:4  | Killed the 26-headed Lernaean hydra
 40291 | Swamp:4  | Got a decaying rune of Zot
 40932 | Depths:4 | Entered Level 4 of the Depths
 41014 | Depths:4 | Found a gate to the Realm of Zot.
 41050 | Depths:4 | Noticed Vv
 41087 | Depths:4 | Killed Vv
 41105 | Depths:4 | Noticed Boris
 41114 | Depths:4 | Killed Boris
 41165 | Depths:4 | Found a one-way gateway to a ziggurat.
 41223 | Depths:4 | Found a magical portal.
 41239 | WizLab   | Entered Lehudib's Moon Base
 41372 | WizLab   | Found a transporter.
 41897 | WizLab   | Reached XP level 26. HP: 254/254 MP: 20/20
 41898 | WizLab   | Found a transporter.
 42513 | WizLab   | Identified the +0 pair of boots "Enixyfre" {rN+ Will+
                  | Int+4}
 42515 | WizLab   | Identified the ring "Miafop" {Fly SInv Stlth+}
 42921 | Depths:4 | Noticed the Enchantress
 42934 | Depths:4 | Killed the Enchantress
 43385 | Zot:1    | Entered Level 1 of the Realm of Zot
 45338 | Zot:2    | Got the Precepts of Fire and Brimstone
 46504 | Zot:3    | Reached XP level 27. HP: 138/264 MP: 20/20
 48211 | Zot:4    | Identified the +2 short sword of Slow Death {freeze, rPois
                  | rC- rN+ Str+2}
 48685 | Zot:5    | Entered Level 5 of the Realm of Zot
 48688 | Zot:5    | Found a transporter.
 48696 | Zot:5    | Noticed Pongem's ghost (legendary MiAK)
 50368 | Zot:5    | Gained mutation: You do not regenerate when monsters are
                  | visible. [a cacodemon]
 50393 | Zot:5    | Noticed an orb of fire
 50393 | Zot:5    | Noticed an ancient lich
 50393 | Zot:5    | Gained mutation: You are weak. (Str -2) [an orb of fire]
 50405 | Zot:5    | Noticed a dread lich
 50407 | Zot:5    | Killed an orb of fire
 50415 | Zot:5    | Killed a dread lich
 50419 | Zot:5    | Killed an ancient lich
 50420 | Zot:5    | Noticed an ancient lich
 50467 | Zot:5    | Killed an ancient lich
 50556 | Zot:5    | Noticed a dread lich
 50570 | Zot:5    | Killed a dread lich
 50576 | Zot:5    | Noticed an ancient lich
 50577 | Zot:5    | Noticed an orb of fire
 50577 | Zot:5    | Noticed a dread lich
 50583 | Zot:5    | Gained mutation: You are dopey. (Int -2) [an orb of fire]
 50596 | Zot:5    | Gained mutation: You sometimes lose your temper in combat.
                  | [an orb of fire]
 50724 | Zot:5    | Lost mutation: You do not regenerate when monsters are
                  | visible. [an orb of fire]
 50727 | Zot:5    | Gained mutation: You occasionally lose the ability to drink
                  | potions when taking damage. [an orb of fire]
 50729 | Zot:5    | Killed an orb of fire
 50730 | Zot:5    | Killed an ancient lich
 50758 | Zot:5    | Found a transporter.
 50796 | Zot:5    | Killed a dread lich
 50922 | Zot:5    | Noticed an ancient lich
 50957 | Zot:5    | Killed an ancient lich
 51177 | Zot:5    | Noticed an ancient lich
 51187 | Zot:5    | Killed an ancient lich
 51652 | Crypt:1  | Entered Level 1 of the Crypt
 51944 | Crypt:1  | Reached skill level 10 in Air Magic
 52308 | Crypt:1  | Noticed a royal mummy
 52367 | Crypt:2  | Noticed Zenata
 52379 | Crypt:2  | Killed Zenata
 52758 | Crypt:2  | Identified the +9 mace of Kaoreu {protect, rF- rN+++ Int+3
                  | Dex+2}
 53060 | Crypt:1  | Killed a royal mummy
 53531 | Crypt:1  | Identified the +11 quarterstaff of Tenacity {venom, rF+}
 53534 | Crypt:1  | Identified the ring of the Shishi {AC+4 Str+6 Slay+2
                  | Stlth+}
 53990 | Crypt:3  | Entered Level 3 of the Crypt
 54678 | Crypt:3  | Found a staircase to the Tomb.
 54854 | Crypt:3  | Found an ancient bone altar of Kikubaaqudgha.
 54897 | Crypt:3  | Identified the +10 falchion of Jihut {venom, rF+ SInv
                  | Stlth-}
 54905 | Crypt:3  | Identified the staff of the Magi {rN+ Int+3 Necro}
 54954 | Crypt:3  | Identified the +2 great sword "Giaxawoz" {antimagic, rPois
                  | Int+3 Stlth+}
 54956 | Crypt:3  | Identified the +4 flail of Xalaemir {drain, rF- rN+ Will+
                  | Str+4}
 55202 | Tomb:1   | Entered Level 1 of the Tomb of the Ancients
 55430 | Tomb:1   | Noticed a royal mummy
 55431 | Tomb:1   | Noticed a royal mummy
 55437 | Tomb:1   | Killed a royal mummy
 55442 | Tomb:1   | Killed a royal mummy
 55569 | Tomb:2   | Noticed a royal mummy
 55571 | Tomb:2   | Noticed a royal mummy
 55571 | Tomb:2   | Noticed a royal mummy
 55580 | Tomb:2   | Reached skill level 27 in Fighting
 55583 | Tomb:2   | Noticed a royal mummy
 55588 | Tomb:2   | Killed a royal mummy
 55594 | Tomb:2   | HP: 12/273 [royal mummy (19)]
 55599 | Tomb:2   | Killed a royal mummy
 55602 | Tomb:2   | Killed a royal mummy
 55609 | Tomb:2   | HP: 20/409 [poisoned by an ushabti (dark miasma)]
 55610 | Tomb:2   | HP: 8/409 [poisoned by an ushabti (dark miasma)]
 55613 | Tomb:2   | HP: 3/409 [poisoned by an ushabti (dark miasma)]
 55623 | Tomb:2   | Noticed a royal mummy
 55631 | Tomb:2   | HP: 13/263 [royal mummy (14)]
 55636 | Tomb:2   | Killed a royal mummy
 55637 | Tomb:2   | Killed a royal mummy
 56386 | Tomb:1   | Noticed a royal mummy
 56399 | Tomb:1   | Killed a royal mummy
 57120 | Tomb:1   | Gained mutation: Potions are less effective at restoring
                  | your health. [mutagenic glow]
 57132 | Tomb:1   | Gained mutation: You do not regenerate when monsters are
                  | visible. [mutagenic glow]
 57147 | Tomb:1   | Gained mutation: Your body sometimes deteriorates upon
                  | taking damage. [mutagenic glow]
 57180 | Tomb:1   | Gained mutation: You are clumsy. (Dex -2) [mutagenic glow]
 57470 | Tomb:1   | Noticed a royal mummy
 57477 | Tomb:1   | Killed a royal mummy
 57501 | Tomb:1   | Noticed a royal mummy
 57512 | Tomb:1   | Killed a royal mummy
 57614 | Tomb:1   | Noticed a royal mummy
 57622 | Tomb:1   | Killed a royal mummy
 57626 | Tomb:1   | Noticed a royal mummy
 57634 | Tomb:1   | Killed a royal mummy
 57668 | Tomb:1   | Noticed a royal mummy
 57674 | Tomb:1   | Killed a royal mummy
 57675 | Tomb:1   | Noticed a royal mummy
 57686 | Tomb:1   | Killed a royal mummy
 57856 | Tomb:1   | Noticed a royal mummy
 57867 | Tomb:1   | Killed a royal mummy
 58036 | Tomb:1   | Noticed a royal mummy
 58039 | Tomb:1   | Noticed a royal mummy
 58053 | Tomb:1   | Killed a royal mummy
 58395 | Tomb:1   | Noticed a royal mummy
 58417 | Tomb:1   | Killed a royal mummy
 58573 | Tomb:1   | Killed a royal mummy
 58576 | Tomb:1   | Noticed a royal mummy
 58578 | Tomb:1   | Noticed a royal mummy
 58578 | Tomb:1   | Noticed a royal mummy
 58585 | Tomb:1   | Killed a royal mummy
 58606 | Tomb:1   | Killed a royal mummy
 58621 | Tomb:1   | Killed a royal mummy
 59484 | Tomb:2   | Lost mutation: You occasionally lose the ability to drink
                  | potions when taking damage. [potion of mutation]
 59484 | Tomb:2   | Lost mutation: You are weak. (Str -2) [potion of mutation]
 59484 | Tomb:2   | Gained mutation: You have supernaturally acute eyesight.
                  | (SInv) [potion of mutation]
 59484 | Tomb:2   | Gained mutation: You have sharp fingernails. [potion of
                  | mutation]
 59589 | Tomb:3   | Entered Level 3 of the Tomb of the Ancients
 59603 | Tomb:3   | Noticed a royal mummy
 59606 | Tomb:3   | Noticed a royal mummy
 59901 | Tomb:3   | Noticed a royal mummy
 59901 | Tomb:3   | Noticed a royal mummy
 59902 | Tomb:3   | Noticed a royal mummy
 59902 | Tomb:3   | Noticed a royal mummy
 59907 | Tomb:3   | Identified the ring "Jetarika" {rPois rF+ rC+}
 59907 | Tomb:3   | Noticed a royal mummy
 60102 | Tomb:3   | Noticed a royal mummy
 60113 | Tomb:3   | Killed a royal mummy
 60113 | Tomb:3   | Killed a royal mummy
 60522 | Tomb:3   | Killed a royal mummy
 60523 | Tomb:3   | Reached skill level 27 in Shields
 60528 | Tomb:3   | Found the ring of the Octopus King
 60764 | Tomb:2   | Learned a level 4 spell: Airstrike
 60777 | Tomb:3   | Killed a royal mummy
 60793 | Tomb:3   | Got a golden rune of Zot
 60906 | Tomb:3   | Killed a royal mummy
 60923 | Tomb:3   | Killed a royal mummy
 60970 | Tomb:3   | Identified a ring of the Octopus King {HP+2 AC+2 EV+2 SH+2
                  | SInv}
 61023 | Tomb:3   | Killed a royal mummy
 61196 | Tomb:3   | Identified the ring "Omuraus" {Wiz rElec Dex-3 SInv Stlth-}
 61199 | Tomb:3   | Identified the +3 long sword of Context {freeze, *Noise rN+
                  | Str+8}
 61514 | Tomb:3   | Identified the +1 robe of the Worm {rF- rCorr Stlth+}
 61516 | Tomb:3   | Identified the +7 arbalest of Ointment {drain, Str+4}
 61590 | Tomb:3   | Acquired the +6 broad axe "Kest" {flame, rC+ Will++}
 61615 | Tomb:3   | Killed a royal mummy
 62354 | Zot:5    | Got the Orb of Zot
 62782 | D:11     | Noticed Ciplait the pandemonium lord
 62796 | D:11     | Killed Ciplait the pandemonium lord
 63016 | D:$      | Escaped with the Orb!

Illustrated notes

Levels and vault maps discovered:
D:1:      minmay_arrival_wavy_path, layout_rooms,
          dreamdust_ecumenical_altar_angels_and_demons, solitary_fountain
D:2:      layout_loops_cross, minmay_goblin_kobold_house
D:3:      layout_loops_ring, general_overflow_altar, minmay_misc_feat_rugged,
          hangedman_abyss_or_decor_lesser_grid, uniq_ijyb
D:4:      layout_rooms, mainiacjoe_overflow_catwalk,
          nicolae_uskayaw_murder_on_the_dancefloor,
          mainiacjoe_overflow_cross_hatched, mainiacjoe_overflow_paths,
          minmay_misc_feat_x, minmay_starry_boxes
D:5:      layout_basic, okawaru_metal_pillars_3
D:6:      layout_loops_ring, lemuel_doored_altar,
          minmay_temple_entry_antechambers, grunt_tough_drop
D:7:      layout_rooms, old_standard_altar, amcnicky_altar_gilded, zin_statuary,
          mainiacjoe_overflow_tiny_flanked, minmay_stone_trees_medium,
          uniq_joseph, uniq_maggie, uniq_pikel
D:8:      layout_loops_cross
D:9:      layout_loops_ring, lemuel_round_altar, serial_shops,
          nicolae_shop_tiny_glass, minmay_gold_behind_fungi,
          minmay_splitting_lines
D:10:     layout_loops_ring, nicolae_dithmenos_the_darkroom, erik_lair_island,
          kennysheep_orc_monster_closet_entryway, special_room
          [special_room_bee], uniq_lodul
D:11:     layout_loops_ring, uniq_erica, uniq_sonja
D:12:     layout_roguey
D:13:     layout_basic, skrybe_vaults_entry_preservation
D:14:     layout_rooms, serial_shops, nicolae_lakefront_shop,
          nicolae_ru_the_path_less_chosen, nicolae_water_bricks
D:15:     hangedman_depths_entry_try_elsewhere_first, layout_cave_pods,
          uniq_louise
Lair:1:   layout_regular_city, uniq_harold
Lair:2:   layout_roguey, nicolae_swamp_entry_spooky, serial_rivers,
          chequers_serial_rivers_micro_c, chequers_serial_rivers_marsh,
          chequers_serial_rivers_marsh, chequers_serial_rivers_room_b,
          chequers_serial_rivers_micro_a, minmay_shattered_shrine, uniq_amaemon
Lair:3:   layout_long_grid, nicolae_snake_entry_squirm
Lair:4:   layout_gridlike, slime_entry_1, patterned_corridor
Lair:5:   hellmonk_lair_end_abyssal_woods, layout_gridlike, worms_lemuel
Swamp:1:  layout_basic_swamp, gammafunk_ghost_wrathful_warriors, basic_altar
Swamp:2:  layout_falls_marsh, nicolae_swamp_triple_paths
Swamp:3:  nicolae_swamp_husk_halls, layout_basic_swamp, serial_swamp_ruin,
          hangedman_swamp_ruin_hall, evilmike_swamp_ruin_house_6,
          evilmike_swamp_ruin_house_2, uniq_mlioglotl
Swamp:4:  swamp_alternative, layout_basic_swamp, uniq_nikola
Snake:1:  layout_layer_cave, nicolae_snake_slithery_hallway,
          nicolae_letterblocks [nicolae_letter_subblock,
          nicolae_letter_subblock, nicolae_letter_subblock,
          nicolae_letter_subblock, nicolae_letter_subblock,
          nicolae_letter_subblock, nicolae_letter_subblock,
          nicolae_letter_subblock, nicolae_letter_subblock,
          nicolae_letter_subblock, nicolae_letter_subblock,
          nicolae_letter_subblock, nicolae_letter_subblock,
          nicolae_letter_subblock, nicolae_letter_subblock,
          nicolae_letter_subblock, nicolae_letter_subblock,
          nicolae_letter_subblock, nicolae_letter_subblock,
          nicolae_letter_subblock, nicolae_letter_subblock,
          nicolae_letter_subblock, nicolae_letter_subblock,
          nicolae_letter_subblock, nicolae_letter_subblock]
Snake:2:  gammafunk_sealed_library, layout_onion_interference,
          nicolae_snake_shapes, serial_bayou_shore_b
Snake:3:  nrook_guardian_serpent_snake_passage, layout_misc_corridors,
          evilmike_ambush [evilmike_ambush_outer_corners,
          evilmike_ambush_inner_basic], uniq_donald
Snake:4:  grunt_snake_rune_spirals, layout_onion, uniq_vashnia
Orc:1:    layout_caves
Orc:2:    st_orc_elflike, layout_diamond_mine, basic_altar,
          nicolae_orc_stony_grotto, uniq_saint_roka
Elf:1:    elf_arrival_001, layout_geoelf_grid, basic_altar,
          minmay_elf_necromancy, dreamdust_wishing_well, drop_trap
Vaults:1: nicolae_vaults_ninety_degrees, nicolae_vaults_trapezoid_layered,
          nicolae_vaults_lightning_bolt, nicolae_vaults_three_branches,
          v_misc_12, vaults_mumra_hexcomb, v_misc_9, nicolae_vaults_diamond_1,
          v_misc_15, layout_vaults_big_room
Vaults:2: v_rooms_6, nicolae_vaults_trapezoid_lopsided_3,
          nicolae_vaults_network_s, nicolae_vaults_cochlea,
          vaults_dpeg_diagonal, grunt_vaults_hallway_long,
          hangedman_vaults_corner_blocks, nicolae_vaults_six-pack,
          nicolae_vaults_offset_grid_hallway_3, nicolae_vaults_meeting,
          nicolae_vaults_network_periphery, nicolae_vaults_alarming,
          layout_vaults_maze_snakey, uniq_mara
Vaults:3: hangedman_vaults_pinch, nicolae_vaults_apartment_1, v_misc_29,
          nicolae_vaults_steering_wheel, hangedman_vaults_stretched_pinwheel,
          nicolae_vaults_closet_pinwheel_3, nicolae_vaults_sealed_display,
          hangedman_vaults_nails, blue_anna_dwarven_crypt, vaults_dpeg_ring,
          layout_vaults_quadrants, uniq_boris, uniq_bai_suzhen, uniq_xtahua
Vaults:4: nicolae_vaults_an_arrangement, vaults_room_semicircle, v_misc_14,
          v_misc_25, nicolae_vaults_heist, nicolae_vaults_doubleplus_tesselated,
          nicolae_vaults_meiosis, ontoclasm_vaults_eye,
          nicolae_vaults_network_quinsquares
          [nicolae_vaults_network_quincunx_subvault,
          nicolae_vaults_network_quincunx_subvault,
          nicolae_vaults_network_quincunx_subvault,
          nicolae_vaults_network_quincunx_subvault],
          nicolae_vaults_storage_closets_3, nicolae_vaults_little_squares_5,
          nicolae_vaults_trapezoid_lopsided_4, nicolae_vaults_little_squares_1,
          hangedman_vaults_stretched_pinwheel, layout_vaults_big_cross,
          serial_shops, nicolae_shop_rolling_square, shop
Vaults:5
Crypt:1:  lemuel_minitomb, layout_gridlike, grunt_megastairs_4,
          grunt_crypt_arrival_guarded_gate
Crypt:2:  layout_chaotic_city, grunt_ministairs_6, uniq_zenata
Crypt:3:  lightli_unholy_cathedral, layout_chaotic_city,
          nicolae_tomb_entry_rubble_hallway, serial_sigils_hangedman_carve
Tomb:1
Tomb:2
Tomb:3
Depths:1: layout_honeycomb, abyss_entry_flame_altar, grunt_pan_entry_zigzag,
          pf_vacation_house_of_asmodeus, trog_three_pillars_becter,
          grunt_ministairs_6, kennysheep_inner_square
Depths:2: minmay_octo_star, layout_gridville, abyss_entry, hell_entry,
          gammafunk_ghost_smash, pan_entry
Depths:3: kb_forest_paths, layout_gridville, pan_entry, good_gods_mini_temple,
          grunt_hell_entry_dis_mu, nicolae_abyss_entry_one_way_or_another,
          kennysheep_generic_room_15, serial_bayou_shore_b
Depths:4: evilmike_zot_entry_basic, layout_gridville, enter_ziggurat_f,
          grunt_metal_band, minmay_misc_feat_doors, mu_enter_wizlab_5, uniq_vv,
          uniq_enchantress
Zot:1:    layout_gridlike, grunt_megastairs_5
Zot:2:    nicolae_zot_draconian_monastery, layout_gridlike
Zot:3:    layout_twisted_circle
Zot:4:    layout_concentric_octagons
Zot:5:    layout_misc_corridors, gammafunk_ghost_berserking_beasts

Skill      XL: |  1  2  3  4  5  6  7  8  9 10 11 12 13 14 15 16 17 18 19 20 21 22 23 24 25 26 27 |
---------------+----------------------------------------------------------------------------------+-----
Axes           | 3 4 5 6 7 9 11 12 13 14 15 16 17 18 19 20 21 22 23 25 | 25.8
Fighting       | 4 5 7 9 10 11 13 14 15 16 18 19 20 21 22 23 24 27 | 27.0
Armour         | 4 6 8 9 10 11 13 14 15 16 17 18 19 20 21 22 23 26 | 26.4
Shields        | 4 6 8 9 11 13 14 16 18 19 20 21 22 23 24 27 | 27.0
Throwing       | 1 4 5 6 7 8 |  8.7
Translocations | 2 4 5 7 8 9 10 11 12 13 14 | 14.4
Evocations     | 3 5 6 7 8 9 10 11 14 | 14.8
Air Magic      | 1 3 4 5 6 13 | 13.3

Action                     |  1- 3 |  4- 6 |  7- 9 | 10-12 | 13-15 | 16-18 | 19-21 | 22-24 | 25-27 || total
---------------------------+-------+-------+-------+-------+-------+-------+-------+-------+-------++-------
  Melee: War axe           |    60 |   142 |   198 |       |       |   256 |   882 |   808 |  2442 ||  4788
         Broad axe         |       |       |    70 |   480 |   558 |   766 |       |       |    67 ||  1941
  Throw: Throwing net      |       |       |       |       |       |       |     1 |       |       ||     1
   Cast: Manifold Assault  |       |       |       |       |       |       |       |       |     8 ||     8
         Teleport Other    |       |       |       |       |       |       |       |       |     1 ||     1
         Blink             |       |       |       |       |       |       |       |       |     1 ||     1
 Invoke: Sacrifice Arcana  |       |     1 |       |       |       |       |       |       |       ||     1
         Sacrifice Stealth |       |       |     1 |       |       |       |       |       |       ||     1
         Sacrifice Love    |       |       |       |     1 |       |       |       |       |       ||     1
         Sacrifice Nimblen |       |       |       |     1 |       |       |       |       |       ||     1
         Sacrifice Essence |       |       |       |     1 |       |       |       |       |       ||     1
         Reject Sacrifices |       |       |       |       |     2 |       |       |       |       ||     2
         Apocalypse        |       |       |       |       |     1 |     1 |       |     2 |     9 ||    13
         Sacrifice Words   |       |       |       |       |       |     1 |       |       |       ||     1
         Draw Out Power    |       |       |       |       |       |     2 |     3 |     1 |     7 ||    13
         Sacrifice Forms   |       |       |       |       |       |     1 |       |       |       ||     1
  Evoke: Wand              |       |     5 |    15 |       |       |       |     1 |     4 |     4 ||    29
         Condenser vane    |       |       |       |       |       |       |     1 |       |     3 ||     4
         Lightning rod     |       |       |       |       |       |       |       |       |     1 ||     1
    Use: Potion            |       |     1 |     5 |     8 |     6 |     4 |     7 |     3 |    32 ||    66
         Scroll            |       |       |     8 |     7 |     7 |     4 |     4 |    11 |    33 ||    74
   Stab: Invisible         |       |       |     2 |     6 |     5 |     5 |     3 |     4 |    45 ||    70
         Distracted        |       |       |       |     3 |     2 |     5 |     2 |     5 |    19 ||    36
         Confused          |       |       |       |     1 |       |       |       |       |       ||     1
         Paralysed         |       |       |       |       |     4 |     2 |       |     1 |     5 ||    12
 Armour: Scale mail        |    36 |    45 |       |       |       |       |       |       |       ||    81
         Chain mail        |       |    65 |   200 |   402 |   433 |   485 |   405 |   369 |  1375 ||  3734
         Skin              |       |       |    15 |       |       |       |       |       |       ||    15
  Dodge: Dodged            |    33 |    50 |    97 |   196 |   163 |   181 |   129 |   129 |   718 ||  1696
  Block: Buckler           |    14 |    35 |    49 |   122 |    47 |       |       |       |       ||   267
         Kite shield       |       |       |       |       |   160 |   260 |       |       |       ||   420
         Tower shield      |       |       |       |       |       |   420 |  1004 |  1152 |  3642 ||  6218
         Reflection        |       |       |       |       |       |    63 |   102 |    26 |    39 ||   230
